 Dungeon Crawl Stone Soup version 0.26.1-2-gb8aa6d0cf2 (webtiles) character file.

Game seed: 14779228828619851744

177 Martska the Chucker (level 5, -3/55 HPs)
             Began as an Ogre Hunter on Mar 11, 2021.
             Was an Initiate of the Shining One.
             Splashed by a jelly's acid (9 damage)
             ... on level 4 of the Dungeon.
             The game lasted 00:04:15 (5810 turns).

Martska the Chucker (Ogre Hunter)                   Turns: 5810, Time: 00:04:17

Health: -3/55      AC: -4    Str: 17    XL:     5   Next: 57%
Magic:  5/5        EV: 10    Int: 12    God:    the Shining One [......]
Gold:   170        SH:  0    Dex:  9    Spells: 4/4 levels left

rFire    . . .     SeeInvis .   q - +0 mace (curse)
rCold    . . .     Faith    .   (no shield)
rNeg     . . .     Spirit   .   b - +0 robe
rPois    .         Reflect  .   (helmet restricted)
rElec    .         Harm     .   r - +0 cloak
rCorr    .         Rampage  .   (gloves unavailable)
Will     .....                  (boots unavailable)
Stlth    +.........             (no amulet)
HPRegen  0.18/turn              (no ring)
MPRegen  0.09/turn              (no ring)

@: corroded, glowing
A: large, unfitting armour, tough skin 1
a: Renounce Religion


You were on level 4 of the Dungeon.
You worshipped the Shining One.
The Shining One was noncommittal.
You visited 1 branch of the dungeon, and saw 4 of its levels.

You collected 170 gold pieces.

Inventory:

Hand Weapons
 a - a +0 short sword
 f - a +0 whip
 o - a +0 mace of protection
 q - a cursed +0 mace (weapon)
Missiles
 c - 9 large rocks (quivered)
 d - 2 throwing nets
Armour
 b - a +0 robe (worn)
 r - a +0 cloak (worn)
Scrolls
 e - 4 scrolls of teleportation {unknown}
 g - a scroll of random uselessness {unknown}
 h - a scroll of amnesia {unknown}
 i - 2 scrolls of magic mapping {unknown}
 l - 5 scrolls of identify {unknown}
 m - 2 scrolls of remove curse {unknown}
 n - a scroll of blinking {unknown}
 u - a scroll of fear {unknown}
 v - a scroll of enchant weapon {unknown}
Potions
 j - a potion of haste {unknown}
 k - 2 potions of berserk rage {unknown}
 p - a potion of flight {unknown}
 s - a potion of curing {unknown}
 t - 2 potions of brilliance {unknown}
 w - a potion of cancellation {unknown}


   Skills:
 * Level 4.4 Fighting
 * Level 1.8 Maces & Flails
 * Level 4.8 Throwing
 * Level 3.0 Dodging
 - Level 0.6 Stealth
 * Level 0.0 Invocations


You had 4 spell levels left.
You didn't know any spells.
Your spell library was empty.

Dungeon Overview and Level Annotations

Branches:
Dungeon (4/15)
 Temple: D:4-7

Altars:
Nemelex Xobeh
Qazlal
Ru
Uskayaw
Yredelemnul
The Shining One

Shops:
D:4 [

Annotations:
D:4 3 runed translucent doors, Paulthewizard's ghost, novice SpVM


Innate Abilities, Weirdness & Mutations

You are too large for most types of armour.
You have tough skin. (AC +1)


Message History

The jelly hits the fungus.
The fungus is splashed with acid.
The fungus seems to be corroded for longer.
Something hits the fungus.
The ooze hits the fungus. x2
The ooze hits something.
You see here a +0 short sword.
You hit the jelly. The acid corrodes you!
Your hands burn!
The jelly is severely wounded.
The jelly hits you.
You are splashed with acid!
The jelly hits you.
You are splashed with acid!
You hit the jelly but do no damage.
Your hands burn!
The jelly is severely wounded.
The jelly hits you. The acid corrodes you!
You are splashed with acid!
* * * LOW HITPOINT WARNING * * *
You hit the jelly.
Your hands burn!
* * * LOW HITPOINT WARNING * * *
The jelly is almost dead.
The jelly hits you.
* * * LOW HITPOINT WARNING * * *
You are splashed with acid!
You die...

##.....###########
##...#.##..
###......##.P.P.P.P!
#...#.#...#
##..####..##..÷..PJ.÷
#.###.##..# #..##
##.##.P.P.PJP. ##
######. .(##
#>.##.PJJ.J..÷ #.
..## ###..##J.JPJPJ..
##
...###....##...÷.PJP.
# #........##
#J####### #
##.###.#.# ##JJ@(((##
##.# ##..# ########(#
#.## ##.# #....'..##
#.# #.# #....#### #.#
### #.......# ..#
#### #......(#
..####..## #.......#
......#..# #.......#
##..####.# ##.....##


You could see a jelly and 2 oozes.

Vanquished Creatures
  Crazy Yiuf (D:3)
  A worker ant (D:4)
  5 adders
  A shadow imp (D:3)
  An ooze (D:2)
  An adder skeleton (D:4)
  A worm (D:3)
  2 dart slugs
  2 leopard geckos
  4 orcs
  10 goblins
  2 hobgoblins (D:1)
  3 jackals (D:1)
  A quokka (D:3)
  A ball python (D:3)
  3 bats (D:3)
  2 frilled lizards
  10 kobolds
  6 rats
  A bush (D:3)
58 creatures vanquished.

Vanquished Creatures (others)
  7 fungi (D:4)
  3 toadstools (D:4)
10 creatures vanquished.

Grand Total: 68 creatures vanquished

Notes
Turn   | Place    | Note
-------+----------+-------------------------------------------
     0 | D:1      | Martska the Ogre Hunter began the quest for the Orb.
     0 | D:1      | Reached XP level 1. HP: 22/22 MP: 1/1
   328 | D:1      | Reached XP level 2. HP: 7/31 MP: 2/2
  1140 | D:1      | Found a sparkling altar of Nemelex Xobeh.
  1607 | D:2      | Reached XP level 3. HP: 24/37 MP: 3/3
  1758 | D:2      | Found a sacrificial altar of Ru.
  2404 | D:2      | Found a glowing golden altar of the Shining One.
  2405 | D:2      | Found a basalt altar of Yredelemnul.
  2409 | D:2      | Became a worshipper of the Shining One
  2418 | D:2      | Found a hide-covered altar of Uskayaw.
  2985 | D:3      | Reached skill level 1 in Maces & Flails
  2985 | D:3      | Reached XP level 4. HP: 45/48 MP: 4/4
  4295 | D:3      | Found a runed translucent door.
  4296 | D:3      | Noticed Crazy Yiuf
  4300 | D:3      | Killed Crazy Yiuf
  4301 | D:3      | Reached XP level 5. HP: 54/54 MP: 5/5
  4481 | D:4      | Found Ewkueban's Antique Armour Boutique.
  4877 | D:4      | Found a stormy altar of Qazlal.
  4961 | D:4      | Found a runed translucent gate.
  4961 | D:4      | Found a runed translucent gate.
  4967 | D:4      | Found a runed translucent gate.
  4967 | D:4      | Noticed Paulthewizard's ghost (novice SpVM)
  5810 | D:4      | Splashed by a jelly's acid

Illustrated notes

Levels and vault maps discovered:
D:1:      ebering_trefoil_3fold, layout_basic, nemelex_altar_shiori
D:2:      layout_loops_ring, minitemple, nicolae_ru_awakened_eye
D:3:      layout_basic, uniq_crazy_yiuf_cottage
D:4:      cheibrodos_fertilizer, layout_layer_cave, grunt_qazlal_clouds,
          serial_shops, shop, ebering_ghost_rock_garden

Skill      XL: |  1  2  3  4  5 |
---------------+----------------+-----
Fighting       | 3 4 |  4.4
Dodging        | 2 3 |  3.0
Maces & Flails | 1 |  1.8
Throwing       | |  4.8
Stealth        | |  0.6

Action                   |  1- 3 |  4- 6 || total
-------------------------+-------+-------++-------
Melee: Short sword       |    36 |       ||    36
       Whip              |    70 |   235 ||   305
       Mace              |       |    61 ||    61
Throw: Large rock        |    13 |     6 ||    19
  Use: Potion            |     1 |       ||     1
 Stab: Sleeping          |     1 |       ||     1
Armor: Robe              |    29 |    41 ||    70
Dodge: Dodged            |    74 |    81 ||   155
